 Dungeon Crawl Stone Soup version 0.28-a0-1159-g27aa881441 (webtiles) character file.

Game seed: 10393750790796693151

7963 Essalna the Arsonist (level 11, -10/84 HPs)
             Began as a Demonspawn Fire Elementalist on Dec 15, 2021.
             Was a Believer of Vehumet.
             Mangled by a cane toad (20 damage)
             ... on level 1 of the Lair of Beasts.
             The game lasted 00:20:51 (10746 turns).

Essalna the Arsonist (DsFE)                        Turns: 10746, Time: 00:20:52

Health: -10/84     AC:  8    Str: 10    XL:     11   Next: 3%
Magic:  17/23      EV: 12    Int: 20    God:    Vehumet [**....]
Gold:   608        SH:  5    Dex: 13    Spells: 19/26 levels left

rFire   + . .      SeeInvis .   t - +0 dagger (venom)
rCold   + . .      Faith    .   x - +0 buckler
rNeg    . . .      Spirit   .   G - +1 robe of Prudence {rC+}
rPois   .          Reflect  .   c - +0 helmet
rElec   .          Harm     .   r - +0 cloak
rCorr   .          Rampage  .   (no gloves)
Will    .....                   K - +0 pair of boots
Stlth   ++........              o - amulet of regeneration
HPRegen 1.04/turn               C - ring of wizardry
MPRegen 0.18/turn               J - ring of protection from fire

@: mighty, lethally poisoned (-10 -> -13)
A: yellow scales 1, powered by death 1, powered by pain 2, demonic touch 1
a: Renounce Religion


You were on level 1 of the Lair of Beasts.
You worshipped Vehumet.
Vehumet was pleased with you.
You visited 3 branches of the dungeon, and saw 12 of its levels.

You collected 608 gold pieces.

Inventory:

Hand Weapons
 d - a +0 whip
 t - a +0 dagger of venom (weapon)
Armour
 a - a +0 robe
 c - a +0 helmet (worn)
 r - a +0 cloak (worn)
 x - a +0 buckler (worn)
 G - the +1 robe of Prudence (worn) {rC+}
   (You found it on level 8 of the Dungeon)

   rC:        It protects you from cold.
 K - a +0 pair of boots (worn)
Magical Staves
 B - a staff of air
Jewellery
 o - an amulet of regeneration (around neck)
 y - a ring of positive energy
 C - a ring of wizardry (left hand)
 D - an amulet of faith
 J - a ring of protection from fire (right hand)
 N - an amulet of guardian spirit
Wands
 F - a wand of iceblast (6)
 M - a wand of charming (11)
Scrolls
 e - 10 scrolls of identify {unknown}
 g - a scroll of fear {unknown}
 i - a scroll of silence {unknown}
 k - 2 scrolls of fog {unknown}
 m - a scroll of vulnerability {unknown}
 q - a scroll of amnesia {unknown}
 s - 4 scrolls of acquirement {unknown}
 u - 7 scrolls of noise {unknown}
 w - 4 scrolls of immolation {unknown}
 z - 2 scrolls of teleportation {unknown}
 E - 2 scrolls of enchant armour {unknown}
 H - a scroll of summoning {unknown}
 O - a scroll of blinking {unknown}
Potions
 b - 2 potions of flight {unknown}
 f - 2 potions of lignification {unknown}
 h - 2 potions of heal wounds {unknown}
 j - 2 potions of brilliance {unknown}
 l - a potion of invisibility {unknown}
 n - 3 potions of ambrosia {unknown}
 p - a potion of attraction {unknown}
 v - 2 potions of mutation {unknown}
 A - 3 potions of haste {unknown}
 I - a potion of curing {unknown}
 L - 2 potions of magic {unknown}
 P - a potion of degeneration {unknown}


   Skills:
 + Level 7.6 Fighting
 - Level 1.7 Dodging
 - Level 1.7 Stealth
 - Level 4.0 Shields
 + Level 8.3 Spellcasting
 - Level 8.0 Conjurations
 + Level 8.4 Fire Magic


You had 19 spell levels left.
You knew the following spells:

 Your Spells              Type           Power      Damage    Failure   Level
a - Foxfire               Conj/Fire      100%       2x1d9     1%          1
b - Scorch                Fire           84%        2d9       1%          2
c - Flame Wave            Conj/Fire      41%        2d8       1%          4

Your spell library contained the following spells:

 Spells                   Type           Power      Damage    Failure   Level
 Shock                    Conj/Air       96%        1d9       1%          1
 Conjure Flame            Conj/Fire      41%        6-21      1%          3
 Inner Flame              Hex/Fire       25%        N/A       1%          3
 Ensorcelled Hibernation  Hex/Ice        16%        N/A       5%          2
 Spider Form              Tmut/Pois      8%         N/A       11%         3


Dungeon Overview and Level Annotations

Branches:
Dungeon (10/15)            Temple (1/1) D:5            Lair (1/6) D:8
    Orc (0/2) D:9

Altars:
Ashenzari
Dithmenos
Fedhas
Gozag
Hepliaklqana
Kikubaaqudgha
Makhleb
Ru
Sif Muna
Uskayaw
Vehumet
Wu Jian
Zin

Shops:
D:1 [   D:5 [


Innate Abilities, Weirdness & Mutations

You are partially covered in yellow scales. (AC +2)
You regenerate a little health from kills.
You sometimes gain power by taking damage.
Your touch may inflict minor irresistible damage on your foes.


Message History

Okay, then.
Casting: Flame Wave (mildly dangerous; 1% risk of failure)
Confirm with . or Enter, or press ? or * to list all spells.
Casting: Flame Wave (mildly dangerous; 1% risk of failure)
Press: ? - help, Dir - look around, f - activate A wave of flame ripples out!
The flame wave engulfs the cane toad.
The cane toad is severely wounded.
The flame wave engulfs the blink frog!
You kill the blink frog!
Vehumet accepts your kill. (Press . to intensify the flame waves.)
You feel very sick. The cane toad stings you.
* * * LOW HITPOINT WARNING * * *
A wave of flame ripples out!
The flame wave engulfs the cane toad!
The cane toad is almost dead.
The flame wave engulfs the polar bear!
The polar bear is heavily wounded.
You feel very sick.
You hear a roar!
You hear a croak.
You block the cane toad's attack. You block the polar bear's attack.
The polar bear barely misses you.
The polar bear claws you but does no damage.
A wave of flame ripples out!
The flame wave engulfs the cane toad but does no damage.
The cane toad is almost dead.
The flame wave engulfs the polar bear!
The polar bear is severely wounded.
The flame wave engulfs the blink frog.
The blink frog is heavily wounded.
You finish channelling waves of flame.
You feel very sick.
You hear a loud, deep croak!
The blink frog blinks!
The cane toad barely misses you.
The polar bear bites you but does no damage.
The polar bear claws you.
* * * LOW HITPOINT WARNING * * *
The polar bear claws you but does no damage.
The cane toad stings you!!
You die...

#.####
#.##.########
#...........#
#...###.P.#.#
#..## #####.#
#..# ##.#
#..#P#####P.##
#........##..#
....F...F@F.##
#...####?.#h.#
#.ยง#..#
#.##...# #.
#..## #. #..P
. ...." #
#.^##


You could see a polar bear, a cane toad and 2 blink frogs.

Vanquished Creatures
  A centaur warrior (D:8)
  2 two-headed ogres (D:9)
  A deep elf pyromancer (D:8)
  An ugly thing (D:9)
  Prince Ribbit (D:7)
  2 blink frogs (Lair:1)
  6 yaks
  A wraith (D:7)
  3 wyverns
  A shadow (D:9)
  A steam dragon (D:7)
  A basilisk (D:8)
  A water moccasin (Lair:1)
  Duvessa (D:6)
  A sky beast (D:7)
  A hornet zombie (D:7)
  An orc warrior (D:8)
  An ice beast (D:6)
  3 black bears
  An ogre (D:6)
  2 phantoms
  2 bullfrogs
  2 kobold brigands
  2 scorpions
  A gnoll sergeant (D:7)
  5 killer bees (D:8)
  Dowan (D:6)
  5 wights (D:9)
  2 howler monkeys (D:6)
  A bullfrog zombie (D:6)
  3 centaur zombies
  2 jellies
  3 orc priests
  2 bullfrog skeletons
  A gnoll shaman (D:4)
  3 iguanas
  2 centaur skeletons
  4 orc wizards
  A killer bee zombie (D:6)
  A howler monkey zombie (D:8)
  5 adders
  12 gnolls
  A shadow imp (D:6)
  A white imp (D:7)
  3 ufetubi
  2 worms
  3 dart slugs
  21 orcs
  3 bats
  5 endoplasms
  3 giant cockroaches
  5 goblins
  5 hobgoblins
  3 jackals (D:3)
  A quokka (D:1)
  3 ball pythons
  5 frilled lizards
  12 kobolds
  11 rats
180 creatures vanquished.

Vanquished Creatures (others)
  818 foxfires
  2 fungi
  2 plants (Lair:1)
822 creatures vanquished.

Grand Total: 1002 creatures vanquished

Notes
Turn   | Place    | Note
-------+----------+-------------------------------------------
     0 | D:1      | Essalna the Demonspawn Fire Elementalist began the quest
                  | for the Orb.
     0 | D:1      | Reached XP level 1. HP: 13/13 MP: 3/3
   352 | D:1      | Found Hiydext's Antique Armour Shop.
   741 | D:1      | You fall into a shaft and drop 1 floor!
   935 | D:1      | Gained mutation: You are partially covered in yellow
                  | scales. (AC +2) [demonic ancestry]
   935 | D:1      | Reached XP level 2. HP: 19/19 MP: 0/5
  1958 | D:2      | Gained mutation: You regenerate a little health from kills.
                  | [demonic ancestry]
  1958 | D:2      | Reached XP level 3. HP: 24/24 MP: 1/6
  2457 | D:3      | Noticed a phantom
  2642 | D:3      | Found a faded altar of an unknown god.
  2708 | D:2      | Killed a phantom
  2709 | D:2      | Reached XP level 4. HP: 30/30 MP: 0/8
  2916 | D:3      | Reached XP level 5. HP: 35/35 MP: 2/9
  3757 | D:4      | Reached XP level 6. HP: 25/41 MP: 6/11
  4457 | D:4      | Learned a level 2 spell: Scorch
  4462 | D:4      | Learned a level 4 spell: Flame Wave
  4882 | D:4      | Gained mutation: Your touch may inflict minor irresistible
                  | damage on your foes. [demonic ancestry]
  4882 | D:4      | Reached XP level 7. HP: 47/47 MP: 7/13
  4972 | D:5      | Entered Level 5 of the Dungeon
  5065 | D:5      | Reached skill level 1 in Fighting
  5292 | D:5      | Reached skill level 5 in Fire Magic
  5356 | D:5      | Found a shimmering blue altar of Sif Muna.
  5715 | D:5      | Found Gukairiod's Armour Boutique.
  5764 | D:5      | Found a staircase to the Ecumenical Temple.
  5781 | Temple   | Entered the Ecumenical Temple
  5886 | Temple   | Became a worshipper of Vehumet
  6121 | D:6      | Reached skill level 1 in Shields
  6224 | D:6      | Reached skill level 5 in Conjurations
  6224 | D:6      | Gained mutation: You sometimes gain a little power by
                  | taking damage. [demonic ancestry]
  6224 | D:6      | Reached XP level 8. HP: 57/57 MP: 9/15
  6227 | D:6      | Reached skill level 5 in Spellcasting
  6504 | D:6      | Noticed Dowan
  6523 | D:6      | Killed Dowan
  6647 | D:6      | Noticed Duvessa
  6656 | D:6      | Killed Duvessa
  7718 | D:7      | Noticed Prince Ribbit
  7726 | D:7      | Killed Prince Ribbit
  7727 | D:7      | Reached XP level 9. HP: 65/65 MP: 7/17
  7865 | D:7      | Reached * piety under Vehumet
  7865 | D:7      | Offered knowledge of Magic Dart by Vehumet.
  8587 | D:8      | Identified the +1 robe of Prudence {rC+}
  8713 | D:8      | Noticed a two-headed ogre
  8757 | D:9      | Found a staircase to the Orcish Mines.
  8844 | D:9      | Noticed a white ugly thing
  8852 | D:9      | Killed a white ugly thing
  8853 | D:9      | Reached skill level 5 in Fighting
  8944 | D:9      | Noticed a two-headed ogre
  8948 | D:9      | Killed a two-headed ogre
  8949 | D:9      | Gained mutation: You sometimes gain power by taking damage.
                  | [demonic ancestry]
  8949 | D:9      | Reached XP level 10. HP: 73/75 MP: 5/20
  9076 | D:9      | Reached ** piety under Vehumet
  9122 | D:9      | Noticed a two-headed ogre
  9145 | D:10     | Entered Level 10 of the Dungeon
  9531 | D:9      | Killed a two-headed ogre
  9592 | D:9      | Offered knowledge of Shock by Vehumet.
 10185 | D:8      | Found a staircase to the Lair.
 10426 | D:8      | Noticed a centaur warrior
 10428 | D:8      | Noticed a deep elf pyromancer
 10434 | D:8      | Killed a centaur warrior
 10438 | D:8      | Killed a deep elf pyromancer
 10585 | Lair:1   | Entered Level 1 of the Lair of Beasts
 10736 | Lair:1   | Noticed a cane toad
 10743 | Lair:1   | Reached XP level 11. HP: 44/84 MP: 20/23
 10746 | Lair:1   | Mangled by a cane toad

Illustrated notes

Levels and vault maps discovered:
D:1:      dpeg_arrival_ratfight, layout_basic, serial_shops, shop
D:2:      layout_rooms, basic_altar
D:3:      layout_rooms, hellmonk_ecumenical_altar_dog_temple
D:4:      kb_forest_paths, layout_basic
D:5:      layout_loops_ring, amcnicky_altar_gilded,
          minmay_temple_entry_nine_rooms, serial_shops, shop
D:6:      layout_loops_ring, st_stairs_12, uniq_duvessa
D:7:      layout_basic, nicolae_sextant, kennysheep_generic_room_10,
          uniq_prince_ribbit1
D:8:      layout_cave_pools, david_lair_generic, minmay_small_thing
D:9:      wander_river, layout_gridville
D:10:     layout_irregular_city, hangedman_abyss_or_decor_lesser_grid,
          fungi_pond_lemuel
Temple:   mainiacjoe_temple_archimedes_tessellation
Lair:1:   layout_loops_ring, uniq_sonja

Skill      XL: |  1  2  3  4  5  6  7  8  9 10 |
---------------+-------------------------------+-----
Fire Magic     | 3 4 5 6 7 8 |  8.4
Conjurations   | 2 3 4 5 7 8 |  8.0
Spellcasting   | 3 4 5 6 8 |  8.3
Fighting       | 2 4 5 7 |  7.6
Shields        | 1 3 4 |  4.0
Dodging        | |  1.7
Stealth        | |  1.7

Action                   |  1- 3 |  4- 6 |  7- 9 | 10-12 || total
-------------------------+-------+-------+-------+-------++-------
Melee: Unarmed           |    25 |       |       |       ||    25
       Whip              |    13 |    36 |       |       ||    49
       Dagger            |       |    46 |    44 |    11 ||   101
       Touch             |       |       |     2 |       ||     2
 Cast: Foxfire           |   112 |   135 |   143 |    90 ||   480
       Scorch            |       |       |    63 |    27 ||    90
       Flame Wave        |       |       |     1 |     8 ||     9
 Stab: Sleeping          |       |       |     1 |       ||     1
Armor: Robe              |     9 |    37 |    42 |    30 ||   118
Dodge: Dodged            |    34 |    57 |    69 |    46 ||   206
Block: Buckler           |       |       |    18 |    18 ||    36

Table legend: (Time is in decaauts)
 A = Elapsed time spent in this place.
 B = Non-inter-level travel time spent in this place.
 C = Inter-level travel time spent in this place.
 D = Time resting spent in this place.
 E = Time spent auto-exploring this place.
 F = Levels seen in this place.
 G = Mean time per level.
                   A        B        C        D        E       F      G
               +--------+--------+--------+--------+--------+-----+--------+
         Total |  10817 |  10325 |    492 |    204 |   8428 |  12 |  901.4 |
       Dungeon |  10524 |  10062 |    462 |    204 |   8209 |  10 | 1052.4 |
        Temple |    132 |    102 |     30 |      0 |     85 |   1 |  132.0 |
          Lair |    160 |    160 |      0 |      0 |    134 |   1 |  160.0 |
               +--------+--------+--------+--------+--------+-----+--------+

Top non-repeatable levels by time:
     D:1: 1544 daAuts
     D:4: 1385 daAuts
     D:7: 1325 daAuts
     D:9: 1116 daAuts
     D:2: 1093 daAuts
     D:5: 1024 daAuts
     D:6: 963 daAuts
     D:3: 957 daAuts
     D:8: 925 daAuts
    D:10: 187 daAuts
  Lair:1: 160 daAuts
  Temple: 132 daAuts
